 Dungeon Crawl Stone Soup version 0.31-a0-161-gb58dd9be76 (webtiles) character file.

Game seed: 10547495755787018139

113 qw the Shooter (level 4, -2/42 HPs)
             Began as a Naga Hunter on June 12, 2023.
             Slain by an ice beast (10 damage)
             ... on level 4 of the Dungeon.
             The game lasted 00:00:48 (1872 turns).

qw the Shooter (Naga Hunter)                        Turns: 1872, Time: 00:00:48

Health: -2/42      AC:  2    Str: 13    XL:     4   Next: 96%
Magic:  4/4        EV:  9    Int:  9    God:
Gold:   183        SH:  0    Dex: 17    Spells: 3/3 levels left

rFire   . . .        Y - +0 shortbow
rCold   . . .        (shield currently unavailable)
rNeg    . . .        c - +0 leather armour
rPois   +            (no helmet)
rElec   .            (no cloak)
rCorr   .            (no gloves)
SInv    +            (no barding)
Will    .....        (no amulet)
Stlth   ++           (no ring)
HPRegen 0.27/turn    (no ring)
MPRegen 0.09/turn

%: no passive effects
@: about to teleport, very slow
A: AC +1, large, see invisible, deformed body, poison resistance, slowness 2,
spit poison 1, naga tail 1
a: Spit Poison


You were on level 4 of the Dungeon.
You visited 1 branch of the dungeon, and saw 4 of its levels.

You collected 183 gold pieces.


Innate Abilities, Weirdness & Mutations

Your serpentine skin is tough. (AC +1)
You have supernaturally acute eyesight. (SInv)
Armour fits poorly on your strangely shaped body.
Your system is resistant to poisons. (rPois)
You cover ground very slowly.
You can spit poison.
You have a snake-like lower body.


   Skills:
 - Level 3.1 Fighting
 + Level 5.0 Ranged Weapons
 - Level 1.5 Dodging
 - Level 1.5 Stealth


You had 3 spell levels left.
You didn't know any spells.
Your spell library was empty.

Inventory:

Hand Weapons
 Y - a +0 shortbow (weapon)
Armour
 c - a +0 leather armour (worn)
Jewellery
 b - a ring of fire
Scrolls
 a - a scroll of identify
 d - a scroll of teleportation
Potions
 e - 2 potions of curing
 g - a potion of haste
 h - a potion of berserk rage {unknown}
 i - a potion of heal wounds {unknown}

Dungeon Overview and Level Annotations

Branches:
Dungeon (4/15)
 Temple: D:4-7

Altars:

Annotations:
D:3 1 runed translucent door, qw's ghost, amateur NaHu


Message History

The dart slug is poisoned.
You kill the dart slug!
You start resting.
You have got your breath back.
HP restored.
Things that are here:
a +0 hand axe; a +0 leather armour You now have 173 gold pieces (gained 11).
Found a ring mail.
Found a stone staircase leading down.
You see here a +0 ring mail.
You now have 183 gold pieces (gained 10).
Found a spear.
An ice beast comes into view.
You shoot an arrow.
The arrow hits the ice beast but does no damage.
You shoot an arrow. The arrow hits the ice beast.
The ice beast is moderately wounded.
You shoot an arrow. The arrow closely misses the ice beast.
You shoot an arrow. The arrow closely misses the ice beast.
You shoot an arrow. The arrow hits the ice beast.
The ice beast is moderately wounded.
The ice beast barely misses you.
You shoot an arrow. The arrow barely misses the ice beast.
The ice beast hits you. The ice beast freezes you!
You shoot an arrow. The arrow hits the ice beast.
The ice beast is heavily wounded.
The ice beast hits you. The ice beast freezes you!
You shoot an arrow.
The arrow hits the ice beast but does no damage.
The ice beast is heavily wounded.
The ice beast barely misses you.
You shoot an arrow. The arrow barely misses the ice beast.
The ice beast hits you. The ice beast freezes you.
The ice beast hits you but does no damage.
1872 ||| READING 2 scrolls of teleportation.
As you read the scroll of teleportation, it crumbles to dust.
You feel strangely unstable. The ice beast hits you. The ice beast freezes you!
You die...

#...##.#
#####.#.##.#
...........#
#######[...#
#.#### ###.#
#...#
...####.###
#....Y@########
###.>##.)......
...#. #.#######
### # #.# #.#
#.. #.. ...
####


You could see an ice beast.

Vanquished Creatures
  A hound (D:3)
  An adder (D:2)
  2 dart slugs
  2 orcs
  9 endoplasms
  2 giant cockroaches (D:1)
  8 goblins
  6 hobgoblins
  2 jackals (D:1)
  3 quokkas
  6 ball pythons
  4 bats
  3 frilled lizards
  8 kobolds
  8 rats
65 creatures vanquished.

Notes
Turn   | Place    | Note
-------+----------+-------------------------------------------
     0 | D:1      | qw the Naga Hunter began the quest for the Orb.
     0 | D:1      | Reached XP level 1. HP: 19/19 MP: 1/1
     0 | D:1      | 0 ||| qw: Version: 0.2-a-29-gc1b59c4
     0 | D:1      | 0 ||| qw: Game counter: 4283
     0 | D:1      | 0 ||| qw: Always use a shield: true
     0 | D:1      | 0 ||| qw: God list: Okawaru
     0 | D:1      | 0 ||| qw: Allow faded altars: false
     0 | D:1      | 0 ||| qw: Do Orc after D:15 true
     0 | D:1      | 0 ||| qw: Do second Lair branch before Depths: true
     0 | D:1      | 0 ||| qw: Lair rune preference: random
     0 | D:1      | 0 ||| qw: Plans: Normal
     0 | D:1      | 0 ||| PLANNING D:1-11
     7 | D:1      | 7 ||| INVOKING Spit Poison.
    22 | D:1      | 22 ||| INVOKING Spit Poison.
    25 | D:1      | 25 ||| INVOKING Spit Poison.
    30 | D:1      | 30 ||| INVOKING Spit Poison.
    31 | D:1      | HP: 4/19 [hobgoblin (4)]
    35 | D:1      | 35 ||| INVOKING Spit Poison.
    35 | D:1      | HP: 1/19 [quokka (2)]
    38 | D:1      | 38 ||| INVOKING Spit Poison.
   131 | D:1      | 131 ||| INVOKING Spit Poison.
   132 | D:1      | Reached skill level 4 in Ranged Weapons
   132 | D:1      | Reached XP level 2. HP: 26/26 MP: 2/2
   150 | D:1      | 150 ||| INVOKING Spit Poison.
   155 | D:1      | 155 ||| INVOKING Spit Poison.
   167 | D:1      | 167 ||| INVOKING Spit Poison.
   205 | D:1      | 205 ||| INVOKING Spit Poison.
   238 | D:1      | 238 ||| INVOKING Spit Poison.
   256 | D:1      | 256 ||| INVOKING Spit Poison.
   300 | D:1      | 300 ||| INVOKING Spit Poison.
   312 | D:1      | Found a faded altar of an unknown god.
   314 | D:1      | 314 ||| INVOKING Spit Poison.
   329 | D:1      | 329 ||| INVOKING Spit Poison.
   337 | D:1      | 337 ||| INVOKING Spit Poison.
   338 | D:1      | Reached XP level 3. HP: 32/32 MP: 3/3
   348 | D:1      | 348 ||| INVOKING Spit Poison.
   364 | D:1      | 364 ||| INVOKING Spit Poison.
   428 | D:1      | 428 ||| INVOKING Spit Poison.
   524 | D:1      | 524 ||| READING 3 scrolls labelled QUOCSO XEHEM.
   525 | D:1      | 525 ||| READING scroll labelled XUM SUUCELUCH.
   526 | D:1      | 526 ||| READING 2 scrolls of identify.
   526 | D:1      | 526 ||| IDENTIFYING cyan potion
   527 | D:1      | 527 ||| DROPPING scroll of butterflies.
   654 | D:2      | 654 ||| INVOKING Spit Poison.
   716 | D:2      | 716 ||| INVOKING Spit Poison.
   836 | D:2      | 836 ||| INVOKING Spit Poison.
   839 | D:2      | 839 ||| INVOKING Spit Poison.
   843 | D:2      | 843 ||| INVOKING Spit Poison.
   906 | D:2      | 906 ||| INVOKING Spit Poison.
   923 | D:2      | 923 ||| INVOKING Spit Poison.
   974 | D:2      | 974 ||| INVOKING Spit Poison.
  1027 | D:2      | 1027 ||| INVOKING Spit Poison.
  1029 | D:2      | Reached skill level 5 in Ranged Weapons
  1075 | D:2      | 1075 ||| INVOKING Spit Poison.
  1076 | D:2      | Reached XP level 4. HP: 39/39 MP: 4/4
  1123 | D:2      | 1123 ||| INVOKING Spit Poison.
  1232 | D:2      | 1232 ||| INVOKING Spit Poison.
  1240 | D:2      | 1240 ||| READING 2 scrolls labelled EMURAT CUISOWK.
  1241 | D:2      | 1241 ||| READING scroll labelled QAIRA MIMUOFEU.
  1244 | D:2      | 1244 ||| READING 2 scrolls of identify.
  1244 | D:2      | 1244 ||| IDENTIFYING bubbling clear potion
  1245 | D:2      | 1245 ||| DROPPING scroll of fog.
  1279 | D:3      | 1279 ||| INVOKING Spit Poison.
  1289 | D:3      | 1289 ||| INVOKING Spit Poison.
  1300 | D:3      | 1300 ||| INVOKING Spit Poison.
  1384 | D:3      | 1384 ||| INVOKING Spit Poison.
  1418 | D:3      | 1418 ||| INVOKING Spit Poison.
  1493 | D:3      | 1493 ||| INVOKING Spit Poison.
  1504 | D:3      | Noticed qw's ghost (amateur NaHu)
  1505 | D:3      | Found a runed translucent door.
  1517 | D:3      | 1517 ||| INVOKING Spit Poison.
  1523 | D:3      | 1523 ||| INVOKING Spit Poison.
  1527 | D:3      | Reached skill level 3 in Fighting
  1785 | D:3      | 1785 ||| READING 2 scrolls of identify.
  1785 | D:3      | 1785 ||| IDENTIFYING lumpy dark potion
  1786 | D:3      | 1786 ||| DROPPING potion of ambrosia.
  1796 | D:4      | 1796 ||| INVOKING Spit Poison.
  1803 | D:4      | 1803 ||| INVOKING Spit Poison.
  1862 | D:4      | Noticed an ice beast
  1871 | D:4      | HP: 9/42 [ice beast (5)]
  1872 | D:4      | 1872 ||| READING 2 scrolls of teleportation.
  1872 | D:4      | Slain by an ice beast

Levels and vault maps discovered:
D:1:      amcnicky_arrival_single_pillar, layout_rooms,
          shapermc_ecumenical_altar_pompeii
D:2:      layout_loops_ring, minivault_27
D:3:      layout_rooms, gammafunk_ghost_grave
D:4:      layout_basic, okawaru_metal_pillars_1_2, uniq_sigmund, uniq_pikel

Skill      XL: |  1  2  3  4 |
---------------+-------------+-----
Ranged Weapons | 4 5 |  5.0
Fighting       | 3 |  3.1
Dodging        | |  1.5
Stealth        | |  1.5

Action                     |  1- 3 |  4- 6 || total
---------------------------+-------+-------++-------
   Fire: Shortbow          |    72 |    48 ||   120
Ability: Spit Poison       |    30 |    12 ||    42
    Use: Scroll            |     3 |     5 ||     8
 Armour: Leather armour    |     6 |     3 ||     9
  Dodge: Dodged            |    11 |    17 ||    28

Table legend:
 A = Non-vault XP
 B = Vault XP
 C = Vault XP percentage of total XP
 D = Non-vault monster count
 E = Vault monster count
 F = Vault count percentage of total count
                 A         B        C        D         E       F
            +---------+---------+-------+---------+---------+-------
      Total |     162 |       0 |   0.0 |      65 |       0 |   0.0
            +---------+---------+-------+---------+---------+-------
        D:1 |      43 |       0 |   0.0 |      27 |       0 |   0.0
        D:2 |      43 |       0 |   0.0 |      21 |       0 |   0.0
        D:3 |      67 |       0 |   0.0 |      14 |       0 |   0.0
        D:4 |       9 |       0 |   0.0 |       3 |       0 |   0.0
            +---------+---------+-------+---------+---------+-------
